 Dungeon Crawl Stone Soup version 0.24.0-37-gcf1ca852f1 (webtiles) character file.

Game seed: 1773355860299067574, levelgen mode: deterministic

56 Descartes the Grasshopper (level 3, 0/16 HPs)
             Began as a Felid Warper on Dec 1, 2019.
             Succumbed to an adder's poison
             ... on level 2 of the Dungeon.
             The game lasted 00:05:18 (2123 turns).

Descartes the Grasshopper (Felid Warper)            Turns: 2123, Time: 00:05:18

Health: 0/16       AC:  1    Str:  8    XL:     3   Next: 71%
Magic:  7/7        EV: 18    Int: 14    God:
Gold:   34         SH:  0    Dex: 15    Spells: 2/6 levels left
                                        Lives:  0   Deaths: 0

rFire    + . .     SeeInvis +     - Unarmed
rCold    . . .     Gourm    .   (shield unavailable)
rNeg     . . .     Faith    .   (armour unavailable)
rPois    .         Spirit   .   (helmet unavailable)
rElec    .         Reflect  .   (cloak unavailable)
rCorr    .         Harm     .   (gloves unavailable)
MR       .....                  (boots unavailable)
Stlth    +++.......             (no amulet)
HPRegen  0.05/turn              (no ring)
MPRegen  0.10/turn              (no ring)

@: lethally poisoned (0 -> -11), quick
A: very small, no armour, no weapons or thrown items, stealth, antennae 1, claws
1, fangs 3, see invisible, carnivore, fire resistance 1, speed 1, shaggy fur 1,
slow metabolism 1, sharp paws
a: no special abilities


You were on level 2 of the Dungeon.
You were completely stuffed.

You visited 1 branch of the dungeon, and saw 2 of its levels.

You collected 34 gold pieces.

Inventory:

Missiles
 d - 104 stones
 g - 33 arrows
Scrolls
 a - a scroll of fog {unknown}
 b - a scroll of blinking
Potions
 f - a potion of cancellation {unknown}
Comestibles
 c - 2 rations
 h - 3 chunks of flesh


   Skills:
 + Level 2.4 Fighting
 + Level 3.5 Dodging
 * Level 2.4 Stealth
 * Level 2.8 Unarmed Combat
 + Level 2.2 Spellcasting
 - Level 4.4 Translocations


You had 2 spell levels left.
You knew the following spells:

 Your Spells              Type           Power        Failure   Level  Hunger
a - Blink                 Tloc           N/A          6%          2    ###....
b - Shroud of Golubria    Chrm/Tloc      #.....       14%         2    ###....

Your spell library contained the following spells:

 Spells                   Type           Power        Failure   Level  Hunger
 Gell's Gravitas          Tloc           ##........   12%         3    ###....
 Lesser Beckoning         Tloc           ##........   12%         3    ###....
 Teleport Other           Tloc           ##......     12%         3    ###....
 Passage of Golubria      Tloc           N/A          36%         4    #####..


Dungeon Overview and Level Annotations

Branches:
Dungeon (2/15)

Altars:
Ashenzari

Annotations:
D:2 Robin


Innate Abilities, Weirdness & Mutations

You cannot wear armour.
You are incapable of wielding weapons or throwing items.
Your paws allow you to move quietly. (Stealth)
You have sharp claws.
You have razor-sharp teeth.
You have supernaturally acute eyesight. (SInv)
You are carnivorous and can eat meat at any time.
You cover ground quickly.
You are covered in fur. (AC +1)
You have a slow metabolism.
Your sharp claws are effective at attacking unaware monsters.
You have a pair of small antennae on your head.
Your flesh is heat resistant. (rF+)


Message History

The adder is moderately wounded.
The adder completely misses you.
You scratch the adder but do no damage.
The adder is moderately wounded.
The adder bites you.
You are poisoned.
The adder poisons you! The adder bites you.
You are lethally poisoned!
The adder poisons you!
It was a potion of mutation.
You feel extremely strange.
You feel resistant to heat. A pair of antennae grows on your head!
You feel sick. The adder bites you.
* * * LOW HITPOINT WARNING * * *
You scratch the adder.
The adder is severely wounded.
* * * LOW HITPOINT WARNING * * *
You feel sick. The adder barely misses you.
You scratch the adder.
You kill the adder!
You die...

#. #.##### #.#.>..
###########.#.#.#
#...#...##....#.#
#..<..........#.#
#...).........@.#
##.#.....##.#.### #.##...###.#.#
##.###### #.#.###.# # #..#
##'#.....#. .# #.## ##...######.#
.# #.# ##.....## #.#####.# ##.##
##.......####.......#
##...####.........#.........#####


There were no monsters in sight!

Vanquished Creatures
  An adder (D:2)
  3 dart slugs (D:1)
  A ball python (D:1)
  3 bats (D:1)
  4 giant cockroaches (D:1)
  10 goblins
  6 hobgoblins
  4 frilled lizards (D:1)
  4 rats (D:1)
36 creatures vanquished.

Notes
Turn   | Place    | Note
-------+----------+-------------------------------------------
     0 | D:1      | Descartes the Felid Warper began the quest for the Orb.
     0 | D:1      | Reached XP level 1. HP: 9/9 MP: 4/4
   272 | D:1      | Reached skill level 1 in Stealth
   272 | D:1      | Reached XP level 2. HP: 13/13 MP: 6/6
   355 | D:1      | Found a shattered altar of Ashenzari.
   651 | D:1      | Reached XP level 3. HP: 12/16 MP: 7/7
  1321 | D:1      | Learned a level 2 spell: Blink
  1324 | D:1      | Learned a level 2 spell: Shroud of Golubria
  1325 | D:2      | Noticed Robin
  1889 | D:2      | Noticed an ogre
  2120 | D:2      | Gained mutation: Your flesh is heat resistant. (rF+)
                  | [potion of mutation]
  2120 | D:2      | Gained mutation: You have a pair of small antennae on your
                  | head. [potion of mutation]
  2123 | D:2      | Succumbed to an adder's poison

Levels and vault maps discovered:
D:1:      dpeg_arrival_water_fire, layout_basic, ashenzari_altar_1
D:2:      layout_loops_corners, minitemple, vehumet_crystals, first_ration,
          chequers_ecumenical_altar_grove, uniq_robin

Skill      XL: |  1  2 |
---------------+-------+-----
Stealth        | 1 2 |  2.4
Fighting       | |  2.4
Dodging        | |  3.5
Unarmed Combat | |  2.8
Spellcasting   | |  2.2
Translocations | |  4.4

Action                   || total
-------------------------++-------
Melee: Unarmed           ||   137
       Bite              ||    12
       Punch             ||     1
 Cast: Shroud of Golubri ||     1
  Use: Potion            ||     1
 Stab: Sleeping          ||     4
  Eat: Chunk             ||    10
Armor: Skin              ||     6
Dodge: Dodged            ||   139
